 Dungeon Crawl Stone Soup version 0.21.1-1-g345015f (webtiles) character file.

107 Kairos the Charmwright (level 5, 0/39 HPs)
             Began as a Human Skald on Mar 23, 2018.
             Slain by an orc
             ... wielding a +0 hand axe
              (3 damage)
             ... on level 3 of the Dungeon.
             The game lasted 00:04:05 (2295 turns).

Kairos the Charmwright (Human Skald)                Turns: 2295, Time: 00:04:06

Health: 0/39       AC:  4    Str: 12    XL:     5   Next: 10%
Magic:  5/8        EV: 12    Int: 13    God:
Gold:   68         SH:  0    Dex: 13    Spells: 7/8 levels left

rFire    . . .     SeeInvis .   u - +0 flail
rCold    . . .     Gourm    .   (no shield)
rNeg     + . .     Faith    .   b - +0 leather armour
rPois    .         Spirit   .   (no helmet)
rElec    .         Reflect  .   (no cloak)
rCorr    .         Harm     .   (no gloves)
MR       .....                  e - +0 pair of boots
Stlth    +.........             (no amulet)
HPRegen  0.13/turn              l - ring of positive energy
MPRegen  0.11/turn              (no ring)

@: infused (expiring)
A: no striking features
a: no special abilities


You were on level 3 of the Dungeon.
You were hungry.

You visited 1 branch of the dungeon, and saw 3 of its levels.

You collected 68 gold pieces.

Inventory:

Hand Weapons
 a - a +0 mace
 f - a +0 whip
 u - a +0 flail (weapon)
Armour
 b - a +0 leather armour (worn)
 e - a +0 pair of boots (worn)
Jewellery
 l - a ring of positive energy (left hand)
Wands
 t - a wand of random effects (20)
Scrolls
 g - 2 scrolls of blinking {unknown}
 h - a scroll of enchant armour {unknown}
 j - a scroll of noise {unknown}
 m - 2 scrolls of identify {unknown}
 o - a scroll of magic mapping {unknown}
 p - a scroll of enchant weapon {unknown}
 q - a scroll of remove curse {unknown}
Potions
 i - a potion of flight {unknown}
 k - a potion of invisibility {unknown}
 n - a potion of ambrosia {unknown}
 r - a potion of degeneration {unknown}
 s - a potion of curing {unknown}
Books
 c - a book of Battle

   Spells                             Type                      Level
   a - Infusion                       Charms                       1
   b - Shroud of Golubria             Charms/Translocation         2
   c - Song of Slaying                Charms                       2
   d - Spectral Weapon                Hexes/Charms                 3
   e - Regeneration                   Charms/Necromancy            3
Comestibles
 d - 3 rations


   Skills:
 + Level 2.7 Fighting
 + Level 3.1 Maces & Flails
 + Level 1.9 Armour
 + Level 2.6 Dodging
 + Level 0.2 Stealth
 + Level 2.0 Spellcasting
 + Level 3.4 Charms


You had 7 spell levels left.
You knew the following spells:

 Your Spells              Type           Power        Failure   Level  Hunger
a - Infusion              Chrm           ##..         8%          1    ##.....


Dungeon Overview and Level Annotations

Branches:
Dungeon (3/15)

Altars:
Makhleb
Uskayaw
Vehumet


Message History

* * * LOW HITPOINT WARNING * * *
You sock the orc!
You kill the orc!
You barely miss the orc. The orc barely misses you.
You hit the orc.
The orc is moderately wounded.
The orc misses you. The orc hits you with a hand axe.
* * * LOW HITPOINT WARNING * * *
You barely miss the orc.
The orc is moderately wounded.
Your magical infusion is running out.
The orc hits you with a hand axe.
* * * LOW HITPOINT WARNING * * *
You hit the orc but do no damage.
The orc is moderately wounded.
The orc misses you.
You completely miss the orc.
The orc is moderately wounded.
The orc hits you with a hand axe.
You die...

#.######### #.. #.........# #†.
#########.### #########.. #.....#
#.......>..
#########.###.#########.#######..
..........# #..........g.........
#########.###[##og.o....#########
# #.....##o######## ###.####@#
#.# #.# #)####.# #......#
########


You could see 2 orcs and a goblin.

Vanquished Creatures
  An orc priest (D:3)
  An adder (D:3)
  An ooze (D:1)
  A dart slug (D:1)
  4 leopard geckos
  3 orcs (D:3)
  A giant cockroach (D:1)
  3 goblins
  4 hobgoblins
  4 jackals (D:1)
  7 kobolds
  3 ball pythons
  12 bats
  3 frilled lizards
  9 rats
57 creatures vanquished.

Notes
Turn   | Place    | Note
-------+----------+-------------------------------------------
     0 | D:1      | Kairos the Human Skald began the quest for the Orb.
     0 | D:1      | Reached XP level 1. HP: 16/16 MP: 3/3
    79 | D:1      | Reached XP level 2. HP: 10/22 MP: 5/5
   384 | D:1      | Reached XP level 3. HP: 20/28 MP: 6/6
  1245 | D:2      | Reached XP level 4. HP: 25/34 MP: 7/7
  1475 | D:2      | Found a radiant altar of Vehumet.
  1475 | D:2      | Found a burning altar of Makhleb.
  1478 | D:2      | Found a hide-covered altar of Uskayaw.
  2189 | D:3      | Reached XP level 5. HP: 21/39 MP: 2/8
  2295 | D:3      | Slain by an orc

Skill      XL: |  1  2  3  4 |
---------------+-------------+-----
Maces & Flails | 3 |  3.1
Fighting       | |  2.7
Armour         | |  1.9
Dodging        | |  2.6
Stealth        | |  0.2
Spellcasting   | |  2.0
Charms         | |  3.4

Action                   |  1- 3 |  4- 6 || total
-------------------------+-------+-------++-------
Melee: Whip              |   172 |    87 ||   259
       Mace              |     3 |       ||     3
       Flail             |       |    13 ||    13
 Cast: Infusion          |     3 |     3 ||     6
Evoke: Wand              |       |     1 ||     1
 Stab: Distracted        |     1 |       ||     1
       Sleeping          |       |     1 ||     1
  Eat: Chunk             |     1 |     3 ||     4
Armor: Leather armour    |    80 |    30 ||   110
Dodge: Dodged            |   142 |    79 ||   221
